Bruins vs Lightning
Created - March 29, 2024 at 20:01
Goals
|
| Bruins |
1 |
3 |
1 |
5 |
| Lightning |
1 |
0 |
2 |
3 |
|
Shots
|
| Bruins |
14 |
13 |
6 |
33 |
| Lightning |
9 |
12 |
15 |
36 |
|
1st period
1. Lightning , Brendan Lemieux 29 (Nikita Kucherov 40, Yanni Gourde 49) at 4:57 (PP)
2. Bruins , Gabriel Landeskog 35 (Torey Krug 23, Zack Kassian 43) at 11:16
Penalties :
Wojtek Wolski (Bos) for High sticking (Minor) at 4:17, Craig Smith (Bos) for Checking from behind (Minor) at 12:46
2nd period
3. Bruins , Jonathan Toews 21 (Josh Manson 12) at 8:03
4. Bruins , Zack Kassian 33 (Alexander Wennberg 14, Madison Bowey 17) at 14:07
5. Bruins , Taylor Beck 5 (Radek Faksa 5, Jason Demers 26) at 16:53
Penalties :
Nikita Kucherov (T.B) for Hooking (Minor) at 8:27, Brock Boeser (T.B) for Goalie Interference (Minor) at 14:10
3rd period
6. Lightning , Kevin Shattenkirk 10 (Nikita Kucherov 41, Brendan Lemieux 41) at 5:48 (PP)
7. Bruins , Eric Wellwood 13 (Casey Cizikas 23) at 11:25
8. Lightning , Nikita Kucherov 37 (Yanni Gourde 50) at 12:44 (PP)
Penalties :
Alexander Wennberg (Bos) for Cross-checking (Minor) at 0:23, Jonathan Toews (Bos) for Interference (Minor) at 5:29, Eric Wellwood (Bos) for High sticking (Minor) at 8:37, Madison Bowey (Bos) for Tripping (Minor) at 12:43
Goalie Stats
Kevin Poulin (Bos), 33 saves from 36 shots - (0.917), W, 32-20-6, 60:00 minutes
Alex Nedeljkovic (T.B), 28 saves from 33 shots - (0.848), L, 27-20-5, 60:00 minutes
Players Stats for Bruins
Player Name G A P +/- PIM S H SB GA TA FO MP PP MP PK MP
------------------------------------------------------------------------------------
Adam Pelech 0 0 0 2 0 1 3 0 1 1 0/0 11:40 0:00 0:00
Alexander Wennberg 0 1 1 2 2 1 3 0 0 0 14/27 19:05 1:36 0:00
Andreas Athanasiou 0 0 0 1 0 1 0 0 0 0 0/0 8:08 0:00 0:00
Brendan Smith 0 0 0 1 0 1 1 0 1 0 0/0 21:12 1:54 2:09
Casey Cizikas 0 1 1 1 0 2 0 0 0 0 2/6 11:58 0:00 1:20
Craig Smith 0 0 0 1 2 3 2 0 0 0 0/0 10:57 0:11 0:00
Eric Wellwood 1 0 1 1 2 1 1 1 0 0 1/1 11:36 0:11 0:27
Gabriel Landeskog 1 0 1 2 0 4 2 1 0 2 1/11 23:27 1:36 4:16
Jason Demers 0 1 1 2 0 3 0 3 0 0 0/0 27:08 2:04 4:48
Jonathan Toews 1 0 1 1 2 4 0 1 0 0 8/17 16:47 2:11 1:47
Josh Manson 0 1 1 2 0 0 0 1 1 0 0/0 11:40 0:00 0:00
Madison Bowey 0 1 1 1 2 0 0 0 0 1 0/0 21:11 1:54 2:09
Mark Stone 0 0 0 1 0 1 4 0 1 0 0/1 14:19 1:36 0:00
Radek Faksa 0 1 1 1 0 0 1 0 0 0 2/3 7:59 0:00 0:00
Taylor Beck 1 0 1 1 0 1 1 0 0 0 0/0 8:08 0:00 0:09
Torey Krug 0 1 1 2 0 3 1 2 1 1 0/0 27:08 2:04 4:48
Wojtek Wolski 0 0 0 1 2 1 0 0 0 0 0/0 16:30 2:11 1:30
Zack Kassian 1 1 2 2 0 6 0 0 2 0 3/5 24:04 2:22 4:25
Players Stats for Lightning
Player Name G A P +/- PIM S H SB GA TA FO MP PP MP PK MP
------------------------------------------------------------------------------------
Anthony Cirelli 0 0 0 -1 0 0 1 0 0 1 1/1 15:34 2:27 0:33
Ben Hutton 0 0 0 -1 0 0 3 0 0 3 0/0 10:50 0:00 0:00
Brendan Lemieux 1 1 2 -3 0 7 1 2 1 0 1/3 25:35 4:25 2:32
Brock Boeser 0 0 0 -1 2 0 0 1 0 1 0/0 15:57 2:27 0:00
Cam Barker 0 0 0 -2 0 1 1 2 0 0 0/0 13:16 0:00 1:42
Jack Roslovic 0 0 0 -1 0 3 1 1 0 0 8/16 15:16 2:27 0:20
Jesper Fast 0 0 0 -1 0 0 0 0 0 0 0/0 6:52 0:00 0:00
Jimmy Vesey 0 0 0 -1 0 0 0 0 1 0 2/2 6:46 0:00 0:00
John Carlson 0 0 0 -2 0 5 1 1 0 0 0/0 28:29 3:59 2:16
Kevin Shattenkirk 1 0 1 -2 0 4 4 0 1 0 0/0 28:29 3:59 2:16
Logan Couture 0 0 0 0 0 1 0 0 0 0 5/10 12:58 0:05 2:32
Matt Martin 0 0 0 0 0 3 2 0 0 0 0/1 11:28 0:00 0:53
Michael Kostka 0 0 0 -2 0 0 0 1 0 1 0/0 20:41 2:58 1:42
Nikita Kucherov 1 2 3 -3 2 6 1 1 2 0 1/4 23:22 4:30 0:00
Patrice Bergeron 0 0 0 -1 0 0 0 0 0 0 1/1 9:10 0:05 1:06
Shayne Gostisbehere 0 0 0 -1 0 2 1 0 0 1 0/0 18:15 2:58 0:00
Tyler Kennedy 0 0 0 0 0 1 1 0 0 0 0/0 9:55 0:00 0:00
Yanni Gourde 0 2 2 -3 0 3 2 0 0 0 21/33 23:07 4:25 0:00
3 Stars
1 - Zack Kassian (Bos)
2 - Gabriel Landeskog (Bos)
3 - Taylor Beck (Bos)
Power Play
Bruins - 0 on 2 Attempt(s) - 0.00%
Lightning - 3 on 6 Attempt(s) - 50.00%
Penalty Kill
Bruins - 3 on 6 Attempt(s) - 50.00%
- Score 0 goal in Penalty Kill
Lightning - 2 on 2 Attempt(s) - 100.00%
- Score 0 goal in Penalty Kill
Team Stat
Bruins - Hits : 19 - Faceoff Wins : 31 - Blocked Shots : 9 - Penalty Minutes : 12
Lightning - Hits : 19 - Faceoff Wins : 40 - Blocked Shots : 9 - Penalty Minutes : 4
Official
Referees : Furman South and Ian Walsh
Linesman : Vaughan Rody and Michel Cormier
Game Notes
2:20 of 2nd period - Bruins goal is going for a video replay. After video review, No Goal. The referee deems the play has been stopped, even if he had not physically had the opportunity to stop play by blowing his whistle.
Finance
Level 1 -- Attendance: 6000 (100.00%) -- Ticket Income $600,000
Level 2 -- Attendance: 4743 (94.86%) -- Ticket Income $284,580
Level 3 -- Attendance: 1946 (97.30%) -- Ticket Income $68,110
Level 4 -- Attendance: 3679 (91.98%) -- Ticket Income $91,975
Luxury Box -- Attendance: 1000 (100.00%) -- Ticket Income $200,000
Game was played at the Amalie Arena.
Total Attendance: 17368 (96.49%)
Total Ticket Income: $1,244,665
Other Income: $186,700
Total Income: $1,431,365
Bruins
5 vs 5 Forward
Center Left Wing Right Wing Time % Phy DF OF
1 Alexander Wennberg Gabriel Landeskog Zack Kassian 40 0 2 3
2 Jonathan Toews Wojtek Wolski Mark Stone 32 0 2 3
3 Casey Cizikas Eric Wellwood Craig Smith 19 1 2 2
4 Radek Faksa Taylor Beck Andreas Athanasiou 9 1 2 2
5 vs 5 Defense
Defense Defense Time % Phy DF OF
1 Jason Demers Torey Krug 40 0 2 3
2 Madison Bowey Brendan Smith 30 1 2 2
3 Josh Manson Adam Pelech 20 1 2 2
4 Jason Demers Torey Krug 10 1 2 2
PowerPlay Forward
Center Left Wing Right Wing Time % Phy DF OF
1 Jonathan Toews Wojtek Wolski Zack Kassian 60 0 2 3
2 Alexander Wennberg Gabriel Landeskog Mark Stone 40 0 2 3
PowerPlay Defense
Defense Defense Time % Phy DF OF
1 Jason Demers Torey Krug 60 0 2 3
2 Madison Bowey Brendan Smith 40 0 2 3
Penalty Kill 4 Players Forward
Center Wing Time % Phy DF OF
1 Gabriel Landeskog Zack Kassian 60 1 2 2
2 Wojtek Wolski Jonathan Toews 40 1 2 2
Penalty Kill 4 Players Defense
Defense Defense Time % Phy DF OF
1 Jason Demers Torey Krug 60 1 2 2
2 Madison Bowey Brendan Smith 40 1 2 2
Penalty Kill - 3 Players Forward
Forward Time % Phy DF OF
1 Gabriel Landeskog 60 0 4 1
2 Zack Kassian 40 0 4 1
Penalty Kill - 3 Players Defense
Defense Defense Time % Phy DF OF
1 Jason Demers Torey Krug 60 1 3 1
2 Madison Bowey Brendan Smith 40 1 3 1
4 vs 4 Forward
Center Wing Time % Phy DF OF
1 Gabriel Landeskog Zack Kassian 60 1 3 1
2 Wojtek Wolski Jonathan Toews 40 1 3 1
4 vs 4 Defense
Defense Defense Time % Phy DF OF
1 Jason Demers Torey Krug 60 1 3 1
2 Madison Bowey Brendan Smith 40 1 3 1
Last Minutes Offensive
Center Left Wing Right Wing Defense Defense
Jonathan Toews Gabriel Landeskog Zack Kassian Jason Demers Torey Krug
Last Minutes Defensive
Center Left Wing Right Wing Defense Defense
Jonathan Toews Gabriel Landeskog Zack Kassian Jason Demers Torey Krug
Goaltenders
Starting : Kevin Poulin
Backup : Tuukka Rask
Extra Forwards
Normal : Eric Wellwood, Craig Smith, Casey Cizikas - PP : Eric Wellwood, Craig Smith - PK : Casey Cizikas
Extra Defensemen
Normal : Madison Bowey, Jason Demers, Torey Krug - PP : Josh Manson - PK : Adam Pelech, Madison Bowey
Penalty Shots
Gabriel Landeskog, Zack Kassian, Wojtek Wolski, Jonathan Toews, Alexander Wennberg
Custom OT Lines Forwards
Gabriel Landeskog, Zack Kassian, Wojtek Wolski, Jonathan Toews, Alexander Wennberg, Mark Stone, Eric Wellwood, Craig Smith, Casey Cizikas, Taylor Beck
Custom OT Lines Defensemen
Jason Demers, Torey Krug, Madison Bowey, Brendan Smith, Josh Manson
Scratches
None
Lightning
5 vs 5 Forward
Center Left Wing Right Wing Time % Phy DF OF
1 Yanni Gourde Brendan Lemieux Nikita Kucherov 40 1 2 2
2 Jack Roslovic Anthony Cirelli Brock Boeser 30 1 2 2
3 Logan Couture Matt Martin Tyler Kennedy 20 1 2 2
4 Patrice Bergeron Jimmy Vesey Jesper Fast 10 1 2 2
5 vs 5 Defense
Defense Defense Time % Phy DF OF
1 Kevin Shattenkirk John Carlson 40 1 2 2
2 Shayne Gostisbehere Michael Kostka 30 1 2 2
3 Cam Barker Ben Hutton 20 1 2 2
4 Kevin Shattenkirk John Carlson 10 1 2 2
PowerPlay Forward
Center Left Wing Right Wing Time % Phy DF OF
1 Yanni Gourde Brendan Lemieux Nikita Kucherov 60 1 2 2
2 Jack Roslovic Anthony Cirelli Brock Boeser 40 1 2 2
PowerPlay Defense
Defense Defense Time % Phy DF OF
1 Kevin Shattenkirk John Carlson 60 1 2 2
2 Shayne Gostisbehere Michael Kostka 40 1 2 2
Penalty Kill 4 Players Forward
Center Wing Time % Phy DF OF
1 Logan Couture Brendan Lemieux 60 1 2 2
2 Patrice Bergeron Matt Martin 40 1 2 2
Penalty Kill 4 Players Defense
Defense Defense Time % Phy DF OF
1 Kevin Shattenkirk John Carlson 60 1 2 2
2 Cam Barker Michael Kostka 40 1 2 2
Penalty Kill - 3 Players Forward
Forward Time % Phy DF OF
1 Logan Couture 60 1 2 2
2 Patrice Bergeron 40 1 2 2
Penalty Kill - 3 Players Defense
Defense Defense Time % Phy DF OF
1 Kevin Shattenkirk John Carlson 60 1 2 2
2 Cam Barker Michael Kostka 40 1 2 2
4 vs 4 Forward
Center Wing Time % Phy DF OF
1 Yanni Gourde Nikita Kucherov 60 1 2 2
2 Jack Roslovic Brendan Lemieux 40 1 2 2
4 vs 4 Defense
Defense Defense Time % Phy DF OF
1 Kevin Shattenkirk John Carlson 60 1 2 2
2 Shayne Gostisbehere Ben Hutton 40 1 2 2
Last Minutes Offensive
Center Left Wing Right Wing Defense Defense
Yanni Gourde Brendan Lemieux Nikita Kucherov Kevin Shattenkirk John Carlson
Last Minutes Defensive
Center Left Wing Right Wing Defense Defense
Yanni Gourde Brendan Lemieux Nikita Kucherov Kevin Shattenkirk John Carlson
Goaltenders
Starting : Alex Nedeljkovic
Backup : Marc-André Fleury
Extra Forwards
Normal : Patrice Bergeron, Logan Couture, Brock Boeser - PP : Patrice Bergeron, Logan Couture - PK : Patrice Bergeron
Extra Defensemen
Normal : Michael Kostka, Shayne Gostisbehere, Ben Hutton - PP : Michael Kostka - PK : Michael Kostka, Shayne Gostisbehere
Penalty Shots
Nikita Kucherov, Matt Martin, Yanni Gourde, Brendan Lemieux, Patrice Bergeron
Custom OT Lines Forwards
Nikita Kucherov, Brendan Lemieux, Yanni Gourde, Brock Boeser, Anthony Cirelli, Jack Roslovic, Patrice Bergeron, Matt Martin, Jimmy Vesey, Logan Couture
Custom OT Lines Defensemen
Kevin Shattenkirk, John Carlson, Shayne Gostisbehere, Michael Kostka, Ben Hutton
Scratches
Daultan Leveillé (Healthy), Jordan Oesterle (Healthy)
% Time on Ice - Bruins
Lines # - Real PCT - Wanted PCT - Time Play
Normal Forward
1 - 36% - 40% - 17:45
2 - 27% - 32% - 13:04
3 - 21% - 19% - 10:17
4 - 16% - 9% - 7:59
Normal Defense
1 - 39% - 40% - 18:59
2 - 35% - 30% - 17:09
3 - 24% - 20% - 11:40
4 - 3% - 10% - 1:17
PP Forward
1 - 60% - 60% - 2:22
2 - 40% - 40% - 1:36
PP Defense
1 - 52% - 60% - 2:04
2 - 48% - 40% - 1:54
PK Forward
1 - 74% - 60% - 5:10
2 - 26% - 40% - 1:47
PK Defense
1 - 69% - 60% - 4:48
2 - 31% - 40% - 2:09
PK3 Forward
1 - 0% - 60%
2 - 0% - 40%
PK3 Defense
1 - 0% - 60%
2 - 0% - 40%
44 Forward
1 - 0% - 60%
2 - 0% - 40%
44 Defense
1 - 0% - 60%
2 - 0% - 40%
Last Minute Offensive - 0:00
Last Minute Defensive - 0:00
Total
Forward - 60:00
Defense - 60:00
|
% Time on Ice - Lightning
Lines # - Real PCT - Wanted PCT - Time Play
Normal Forward
1 - 39% - 40% - 19:20
2 - 27% - 30% - 13:04
3 - 20% - 20% - 9:55
4 - 14% - 10% - 6:46
Normal Defense
1 - 41% - 40% - 20:11
2 - 33% - 30% - 16:01
3 - 22% - 20% - 10:50
4 - 4% - 10% - 2:03
PP Forward
1 - 65% - 60% - 4:30
2 - 35% - 40% - 2:27
PP Defense
1 - 57% - 60% - 3:59
2 - 43% - 40% - 2:58
PK Forward
1 - 78% - 60% - 3:05
2 - 22% - 40% - 0:53
PK Defense
1 - 57% - 60% - 2:16
2 - 43% - 40% - 1:42
PK3 Forward
1 - 0% - 60%
2 - 0% - 40%
PK3 Defense
1 - 0% - 60%
2 - 0% - 40%
44 Forward
1 - 0% - 60%
2 - 0% - 40%
44 Defense
1 - 0% - 60%
2 - 0% - 40%
Last Minute Offensive - 0:00
Last Minute Defensive - 0:00
Total
Forward - 60:00
Defense - 60:00
|
Play-by-Play
1st period
0:01 of 1st period - Yanni Gourde wins face-off versus Alexander Wennberg in neutral zone.
0:05 of 1st period - Off-side.
0:06 of 1st period - Alexander Wennberg wins face-off versus Yanni Gourde in neutral zone.
0:09 of 1st period - Snap shot by Gabriel Landeskog.
0:09 of 1st period - Shot Misses the Net.
0:11 of 1st period - Slapshot by Zack Kassian.
0:11 of 1st period - Shot Misses the Net.
0:19 of 1st period - Wrist shot by Zack Kassian.
0:19 of 1st period - Stopped by Alex Nedeljkovic without a rebound.
0:20 of 1st period - Jack Roslovic wins face-off versus Jonathan Toews in Lightning zone.
1:15 of 1st period - Snap shot by Jonathan Toews.
1:15 of 1st period - Shot Misses the Net.
1:37 of 1st period - Snap shot by Jonathan Toews.
1:37 of 1st period - Shot Blocked by Michael Kostka.
1:39 of 1st period - Snap shot by Wojtek Wolski.
1:39 of 1st period - Deflect By Jonathan Toews.
1:39 of 1st period - Shot Hit the Post.
1:39 of 1st period - Puck is out of play.
1:40 of 1st period - Yanni Gourde wins face-off versus Alexander Wennberg in Lightning zone.
2:09 of 1st period - Slapshot by Brendan Smith.
2:09 of 1st period - Stopped by Alex Nedeljkovic with a rebound.
2:51 of 1st period - Snap shot by Alexander Wennberg.
2:51 of 1st period - Shot Misses the Net.
3:09 of 1st period - John Carlson is hit by Eric Wellwood and loses puck.
3:20 of 1st period - Snap shot by Logan Couture.
3:20 of 1st period - Shot Misses the Net.
3:54 of 1st period - Wrist shot by Casey Cizikas.
3:54 of 1st period - Shot Blocked by Cam Barker.
3:56 of 1st period - Slapshot by Jason Demers.
3:56 of 1st period - Stopped by Alex Nedeljkovic with a rebound.
4:06 of 1st period - Jason Demers is hit by Matt Martin and loses puck.
4:17 of 1st period - Minor Penalty to Wojtek Wolski for High sticking.
4:18 of 1st period - Yanni Gourde wins face-off versus Gabriel Landeskog in Bruins zone.
4:55 of 1st period - Slapshot by Nikita Kucherov.
4:55 of 1st period - Stopped by Kevin Poulin with a rebound.
4:57 of 1st period - Snap shot by Brendan Lemieux.
4:57 of 1st period - Goal by Brendan Lemieux - Bruins : 0 - Lightning : 1.
4:58 of 1st period - Alexander Wennberg wins face-off versus Jack Roslovic in neutral zone.
5:26 of 1st period - Wrist shot by Craig Smith.
5:26 of 1st period - Stopped by Alex Nedeljkovic without a rebound.
5:27 of 1st period - Casey Cizikas wins face-off versus Yanni Gourde in Lightning zone.
5:57 of 1st period - Wrist shot by Casey Cizikas.
5:57 of 1st period - Stopped by Alex Nedeljkovic with a rebound.
5:59 of 1st period - Snap shot by Casey Cizikas.
5:59 of 1st period - Stopped by Alex Nedeljkovic with a rebound.
6:03 of 1st period - Snap shot by Casey Cizikas.
6:03 of 1st period - Shot Misses the Net.
6:14 of 1st period - Wrist shot by Craig Smith.
6:14 of 1st period - Stopped by Alex Nedeljkovic without a rebound.
6:15 of 1st period - Jack Roslovic wins face-off versus Alexander Wennberg in Lightning zone.
6:15 of 1st period - Jack Roslovic is hit by Alexander Wennberg.
6:18 of 1st period - Icing by Shayne Gostisbehere.
6:19 of 1st period - Jack Roslovic wins face-off versus Alexander Wennberg in Lightning zone.
6:26 of 1st period - Slapshot by Zack Kassian.
6:26 of 1st period - Shot Blocked by Jack Roslovic.
7:09 of 1st period - Icing by Jason Demers.
7:10 of 1st period - Zack Kassian wins face-off versus Yanni Gourde in Bruins zone.
7:37 of 1st period - Kevin Shattenkirk is hit by Mark Stone.
7:43 of 1st period - Wojtek Wolski is hit by Kevin Shattenkirk and loses puck.
8:16 of 1st period - Wrist shot by Jason Demers.
8:16 of 1st period - Stopped by Alex Nedeljkovic without a rebound.
8:17 of 1st period - Yanni Gourde wins face-off versus Casey Cizikas in Lightning zone.
8:48 of 1st period - Matt Martin is hit by Adam Pelech and loses puck.
9:05 of 1st period - Slapshot by Logan Couture.
9:05 of 1st period - Stopped by Kevin Poulin with a rebound.
9:54 of 1st period - Wrist shot by Matt Martin.
9:54 of 1st period - Shot Misses the Net.
10:01 of 1st period - Off-side.
10:02 of 1st period - Brendan Lemieux wins face-off versus Alexander Wennberg in neutral zone.
10:09 of 1st period - Snap shot by Brendan Lemieux.
10:09 of 1st period - Stopped by Kevin Poulin with a rebound.
10:11 of 1st period - Wrist shot by Yanni Gourde.
10:11 of 1st period - Stopped by Kevin Poulin without a rebound.
10:12 of 1st period - Alexander Wennberg wins face-off versus Nikita Kucherov in Bruins zone.
10:12 of 1st period - Alexander Wennberg is hit by Kevin Shattenkirk.
10:44 of 1st period - Snap shot by Zack Kassian.
10:44 of 1st period - Deflect By John Carlson.
10:44 of 1st period - Shot Misses the Net.
10:44 of 1st period - Puck is out of play.
10:45 of 1st period - Jonathan Toews wins face-off versus Jack Roslovic in Lightning zone.
10:46 of 1st period - Snap shot by Mark Stone.
10:46 of 1st period - Stopped by Alex Nedeljkovic with a rebound.
10:48 of 1st period - Wrist shot by Jonathan Toews.
10:48 of 1st period - Stopped by Alex Nedeljkovic with a rebound.
10:50 of 1st period - Snap shot by Jason Demers.
10:50 of 1st period - Deflect By Mark Stone.
10:50 of 1st period - Shot Misses the Net.
10:50 of 1st period - Puck is out of play.
10:51 of 1st period - Jonathan Toews wins face-off versus Jack Roslovic in Lightning zone.
11:06 of 1st period - Wrist shot by Jonathan Toews.
11:06 of 1st period - Stopped by Alex Nedeljkovic without a rebound.
11:07 of 1st period - Alexander Wennberg wins face-off versus Brendan Lemieux in Lightning zone.
11:12 of 1st period - Slapshot by Zack Kassian.
11:12 of 1st period - Stopped by Alex Nedeljkovic with a rebound.
11:14 of 1st period - Slapshot by Torey Krug.
11:14 of 1st period - Shot Blocked by Nikita Kucherov.
11:16 of 1st period - Snap shot by Gabriel Landeskog.
11:16 of 1st period - Goal by Gabriel Landeskog - Bruins : 1 - Lightning : 1.
11:17 of 1st period - Yanni Gourde wins face-off versus Jonathan Toews in neutral zone.
11:44 of 1st period - Logan Couture is hit by Torey Krug and loses puck.
12:46 of 1st period - Minor Penalty to Craig Smith for Checking from behind.
12:47 of 1st period - Yanni Gourde wins face-off versus Gabriel Landeskog in Bruins zone.
12:50 of 1st period - Wrist shot by Yanni Gourde.
12:50 of 1st period - Shot Blocked by Gabriel Landeskog.
13:15 of 1st period - Icing by Kevin Shattenkirk.
13:16 of 1st period - Yanni Gourde wins face-off versus Gabriel Landeskog in Lightning zone.
13:26 of 1st period - Icing by Brock Boeser.
13:27 of 1st period - Jack Roslovic wins face-off versus Gabriel Landeskog in Lightning zone.
13:38 of 1st period - Wrist shot by Jack Roslovic.
13:38 of 1st period - Stopped by Kevin Poulin without a rebound.
13:39 of 1st period - Yanni Gourde wins face-off versus Gabriel Landeskog in Bruins zone.
13:42 of 1st period - Wrist shot by Brendan Lemieux.
13:42 of 1st period - Shot Misses the Net.
13:44 of 1st period - Snap shot by John Carlson.
13:44 of 1st period - Shot Blocked by Torey Krug.
13:46 of 1st period - Snap shot by Kevin Shattenkirk.
13:46 of 1st period - Deflect By Nikita Kucherov.
13:46 of 1st period - Shot Misses the Net.
13:46 of 1st period - Puck is out of play.
13:47 of 1st period - Zack Kassian wins face-off versus Yanni Gourde in Bruins zone.
14:28 of 1st period - Slapshot by Brendan Lemieux.
14:28 of 1st period - Stopped by Kevin Poulin with a rebound.
14:30 of 1st period - Snap shot by John Carlson.
14:30 of 1st period - Deflect By Nikita Kucherov.
14:30 of 1st period - Shot Misses the Net.
14:30 of 1st period - Puck is out of play.
14:31 of 1st period - Gabriel Landeskog wins face-off versus Jack Roslovic in Bruins zone.
14:46 of 1st period - Penalty to Craig Smith is over, Craig Smith is back on ice.
14:53 of 1st period - Wrist shot by Gabriel Landeskog.
14:53 of 1st period - Deflect By Zack Kassian.
14:53 of 1st period - Shot Misses the Net.
14:53 of 1st period - Puck is out of play.
14:54 of 1st period - Logan Couture wins face-off versus Jonathan Toews in Lightning zone.
15:21 of 1st period - Eric Wellwood is hit by Brendan Lemieux and loses puck.
17:09 of 1st period - Brock Boeser is hit by Gabriel Landeskog.
17:19 of 1st period - Andreas Athanasiou is hit by Kevin Shattenkirk and loses puck.
17:30 of 1st period - Wrist shot by Patrice Bergeron.
17:30 of 1st period - Shot Misses the Net.
17:32 of 1st period - Snap shot by Patrice Bergeron.
17:32 of 1st period - Shot Hit the Post.
17:48 of 1st period - Madison Bowey is hit by Matt Martin and loses puck.
18:06 of 1st period - Off-side.
18:07 of 1st period - Alexander Wennberg wins face-off versus Yanni Gourde in neutral zone.
18:33 of 1st period - John Carlson is hit by Mark Stone and loses puck.
18:38 of 1st period - Wrist shot by Jonathan Toews.
18:38 of 1st period - Shot Misses the Net.
18:40 of 1st period - Slapshot by Jason Demers.
18:40 of 1st period - Shot Blocked by Brock Boeser.
18:42 of 1st period - Wrist shot by Jonathan Toews.
18:42 of 1st period - Stopped by Alex Nedeljkovic with a rebound.
18:44 of 1st period - Snap shot by Jonathan Toews.
18:44 of 1st period - Shot Misses the Net.
19:02 of 1st period - Slapshot by Kevin Shattenkirk.
19:02 of 1st period - Stopped by Kevin Poulin without a rebound.
19:03 of 1st period - Alexander Wennberg wins face-off versus Yanni Gourde in Bruins zone.
19:16 of 1st period - Nikita Kucherov is hit by Alexander Wennberg and loses puck.
19:40 of 1st period - Backhand shot by Jack Roslovic.
19:40 of 1st period - Stopped by Kevin Poulin without a rebound.
19:41 of 1st period - Alexander Wennberg wins face-off versus Logan Couture in Bruins zone.
19:45 of 1st period - Off-side.
19:46 of 1st period - Alexander Wennberg wins face-off versus Logan Couture in neutral zone.
Goals for this period are 1 for Bruins vs 1 for Lightning.
Shots for this period are 14 for Bruins vs 9 for Lightning.
2nd period
0:01 of 2nd period - Alexander Wennberg wins face-off versus Yanni Gourde in neutral zone.
0:12 of 2nd period - Slapshot by Kevin Shattenkirk.
0:12 of 2nd period - Shot Blocked by Jason Demers.
0:14 of 2nd period - Snap shot by Yanni Gourde.
0:14 of 2nd period - Shot Blocked by Jason Demers.
0:16 of 2nd period - Snap shot by John Carlson.
0:16 of 2nd period - Stopped by Kevin Poulin without a rebound.
0:17 of 2nd period - Jack Roslovic wins face-off versus Jonathan Toews in Bruins zone.
0:18 of 2nd period - Snap shot by Anthony Cirelli.
0:18 of 2nd period - Shot Blocked by Torey Krug.
0:46 of 2nd period - Slapshot by Kevin Shattenkirk.
0:46 of 2nd period - Stopped by Kevin Poulin with a rebound.
0:54 of 2nd period - Wrist shot by Torey Krug.
0:54 of 2nd period - Stopped by Alex Nedeljkovic with a rebound.
1:04 of 2nd period - Madison Bowey is hit by Tyler Kennedy and loses puck.
2:06 of 2nd period - Icing by Shayne Gostisbehere.
2:07 of 2nd period - Alexander Wennberg wins face-off versus Nikita Kucherov in Lightning zone.
2:10 of 2nd period - Wrist shot by Zack Kassian.
2:10 of 2nd period - Shot Blocked by Brendan Lemieux.
2:12 of 2nd period - Wrist shot by Gabriel Landeskog.
2:12 of 2nd period - Stopped by Alex Nedeljkovic with a rebound.
2:14 of 2nd period - Slapshot by Alexander Wennberg.
2:14 of 2nd period - Stopped by Alex Nedeljkovic with a rebound.
2:16 of 2nd period - Slapshot by Zack Kassian.
2:16 of 2nd period - Stopped by Alex Nedeljkovic with a rebound.
2:18 of 2nd period - Snap shot by Zack Kassian.
2:18 of 2nd period - Stopped by Alex Nedeljkovic with a rebound.
2:20 of 2nd period - Wrist shot by Gabriel Landeskog.
2:20 of 2nd period - Bruins goal is going for a video replay.
2:20 of 2nd period - The goal is refused. The referee deems the play has been stopped, even if he had not physically had the opportunity to stop play by blowing his whistle..
2:21 of 2nd period - Yanni Gourde wins face-off versus Alexander Wennberg in Lightning zone.
2:48 of 2nd period - Yanni Gourde is hit by Craig Smith and loses puck.
3:21 of 2nd period - Snap shot by Yanni Gourde.
3:21 of 2nd period - Deflect By Craig Smith.
3:21 of 2nd period - Shot Misses the Net.
3:21 of 2nd period - Puck is out of play.
3:22 of 2nd period - Anthony Cirelli wins face-off versus Alexander Wennberg in Bruins zone.
3:48 of 2nd period - Logan Couture is hit by Brendan Smith.
4:42 of 2nd period - Slapshot by John Carlson.
4:42 of 2nd period - Stopped by Kevin Poulin without a rebound.
4:43 of 2nd period - Jonathan Toews wins face-off versus Jack Roslovic in Bruins zone.
6:05 of 2nd period - Off-side.
6:06 of 2nd period - Yanni Gourde wins face-off versus Gabriel Landeskog in neutral zone.
6:33 of 2nd period - Torey Krug is hit by Ben Hutton and loses puck.
6:44 of 2nd period - Wrist shot by Wojtek Wolski.
6:44 of 2nd period - Shot Blocked by John Carlson.
7:38 of 2nd period - Taylor Beck is hit by Yanni Gourde and loses puck.
8:03 of 2nd period - Slapshot by Jonathan Toews.
8:03 of 2nd period - Goal by Jonathan Toews - Bruins : 2 - Lightning : 1.
8:04 of 2nd period - Alexander Wennberg wins face-off versus Brendan Lemieux in neutral zone.
8:09 of 2nd period - Wrist shot by Gabriel Landeskog.
8:09 of 2nd period - Shot Misses the Net.
8:27 of 2nd period - Minor Penalty to Nikita Kucherov for Hooking.
8:28 of 2nd period - Logan Couture wins face-off versus Jonathan Toews in Lightning zone.
10:27 of 2nd period - Penalty to Nikita Kucherov is over, Nikita Kucherov is back on ice.
11:00 of 2nd period - Michael Kostka is hit by Craig Smith and loses puck.
11:13 of 2nd period - Snap shot by Tyler Kennedy.
11:13 of 2nd period - Stopped by Kevin Poulin without a rebound.
11:14 of 2nd period - Radek Faksa wins face-off versus Logan Couture in Bruins zone.
11:59 of 2nd period - Snap shot by Brock Boeser.
11:59 of 2nd period - Shot Misses the Net.
12:11 of 2nd period - Kevin Shattenkirk is hit by Gabriel Landeskog and loses puck.
12:54 of 2nd period - Slapshot by Kevin Shattenkirk.
12:54 of 2nd period - Stopped by Kevin Poulin without a rebound.
12:55 of 2nd period - Yanni Gourde wins face-off versus Alexander Wennberg in Bruins zone.
12:56 of 2nd period - Snap shot by Nikita Kucherov.
12:56 of 2nd period - Stopped by Kevin Poulin with a rebound.
12:58 of 2nd period - Wrist shot by Brendan Lemieux.
12:58 of 2nd period - Stopped by Kevin Poulin without a rebound.
12:59 of 2nd period - Yanni Gourde wins face-off versus Alexander Wennberg in Bruins zone.
13:02 of 2nd period - Wrist shot by Nikita Kucherov.
13:02 of 2nd period - Stopped by Kevin Poulin with a rebound.
13:14 of 2nd period - Snap shot by Brendan Lemieux.
13:14 of 2nd period - Stopped by Kevin Poulin without a rebound.
13:15 of 2nd period - Jonathan Toews wins face-off versus Jack Roslovic in Bruins zone.
13:15 of 2nd period - Jonathan Toews is hit by Cam Barker.
13:25 of 2nd period - Slapshot by Torey Krug.
13:25 of 2nd period - Shot Blocked by Cam Barker.
14:07 of 2nd period - Wrist shot by Zack Kassian.
14:07 of 2nd period - Goal by Zack Kassian - Bruins : 3 - Lightning : 1.
14:08 of 2nd period - Jack Roslovic wins face-off versus Jonathan Toews in neutral zone.
14:10 of 2nd period - Minor Penalty to Brock Boeser for Goalie Interference.
14:11 of 2nd period - Jonathan Toews wins face-off versus Logan Couture in Lightning zone.
14:37 of 2nd period - Logan Couture is hit by Alexander Wennberg and loses puck.
14:42 of 2nd period - Snap shot by Mark Stone.
14:42 of 2nd period - Shot Misses the Net.
14:44 of 2nd period - Wrist shot by Gabriel Landeskog.
14:44 of 2nd period - Stopped by Alex Nedeljkovic without a rebound.
14:45 of 2nd period - Logan Couture wins face-off versus Jonathan Toews in Lightning zone.
15:09 of 2nd period - Off-side.
15:10 of 2nd period - Logan Couture wins face-off versus Mark Stone in neutral zone.
15:40 of 2nd period - Wrist shot by Zack Kassian.
15:40 of 2nd period - Stopped by Alex Nedeljkovic with a rebound.
15:42 of 2nd period - Slapshot by Brendan Smith.
15:42 of 2nd period - Deflect By Wojtek Wolski.
15:42 of 2nd period - Stopped by Alex Nedeljkovic without a rebound.
15:43 of 2nd period - Jonathan Toews wins face-off versus Logan Couture in Lightning zone.
16:10 of 2nd period - Penalty to Brock Boeser is over, Brock Boeser is back on ice.
16:14 of 2nd period - Slapshot by Gabriel Landeskog.
16:14 of 2nd period - Shot Misses the Net.
16:53 of 2nd period - Slapshot by Taylor Beck.
16:53 of 2nd period - Goal by Taylor Beck - Bruins : 4 - Lightning : 1.
16:54 of 2nd period - Yanni Gourde wins face-off versus Alexander Wennberg in neutral zone.
17:02 of 2nd period - Slapshot by Yanni Gourde.
17:02 of 2nd period - Shot Misses the Net.
17:04 of 2nd period - Snap shot by Nikita Kucherov.
17:04 of 2nd period - Stopped by Kevin Poulin without a rebound.
17:05 of 2nd period - Alexander Wennberg wins face-off versus Yanni Gourde in Bruins zone.
17:13 of 2nd period - Off-side.
17:14 of 2nd period - Alexander Wennberg wins face-off versus Yanni Gourde in neutral zone.
17:21 of 2nd period - Wrist shot by Zack Kassian.
17:21 of 2nd period - Shot Blocked by Brendan Lemieux.
18:15 of 2nd period - Wrist shot by Brendan Lemieux.
18:15 of 2nd period - Stopped by Kevin Poulin with a rebound.
18:17 of 2nd period - Slapshot by John Carlson.
18:17 of 2nd period - Stopped by Kevin Poulin with a rebound.
18:35 of 2nd period - Slapshot by Torey Krug.
18:35 of 2nd period - Deflect By Yanni Gourde.
18:35 of 2nd period - Stopped by Alex Nedeljkovic with a rebound.
18:38 of 2nd period - Icing by John Carlson.
18:39 of 2nd period - Nikita Kucherov wins face-off versus Jonathan Toews in Lightning zone.
18:44 of 2nd period - Slapshot by Jonathan Toews.
18:44 of 2nd period - Shot Misses the Net.
19:06 of 2nd period - Yanni Gourde is hit by Radek Faksa and loses puck.
19:12 of 2nd period - Off-side.
19:13 of 2nd period - Radek Faksa wins face-off versus Jack Roslovic in neutral zone.
19:28 of 2nd period - Snap shot by Jack Roslovic.
19:28 of 2nd period - Shot Misses the Net.
Goals for this period are 3 for Bruins vs 0 for Lightning.
Shots for this period are 13 for Bruins vs 12 for Lightning.
3rd period
0:01 of 3rd period - Jonathan Toews wins face-off versus Yanni Gourde in neutral zone.
0:15 of 3rd period - Off-side.
0:16 of 3rd period - Jack Roslovic wins face-off versus Alexander Wennberg in neutral zone.
0:21 of 3rd period - Snap shot by Jack Roslovic.
0:21 of 3rd period - Shot Misses the Net.
0:23 of 3rd period - Minor Penalty to Alexander Wennberg for Cross-checking.
0:24 of 3rd period - Yanni Gourde wins face-off versus Gabriel Landeskog in Bruins zone.
0:37 of 3rd period - Snap shot by Yanni Gourde.
0:37 of 3rd period - Stopped by Kevin Poulin with a rebound.
0:39 of 3rd period - Slapshot by John Carlson.
0:39 of 3rd period - Stopped by Kevin Poulin with a rebound.
0:41 of 3rd period - Slapshot by Nikita Kucherov.
0:41 of 3rd period - Shot Misses the Net.
2:23 of 3rd period - Penalty to Alexander Wennberg is over, Alexander Wennberg is back on ice.
2:27 of 3rd period - Snap shot by Matt Martin.
2:27 of 3rd period - Stopped by Kevin Poulin with a rebound.
2:29 of 3rd period - Snap shot by Logan Couture.
2:29 of 3rd period - Shot Blocked by Jonathan Toews.
2:31 of 3rd period - Slapshot by Cam Barker.
2:31 of 3rd period - Deflect By Madison Bowey.
2:31 of 3rd period - Stopped by Kevin Poulin with a rebound.
3:04 of 3rd period - Radek Faksa is hit by Ben Hutton and loses puck.
4:21 of 3rd period - Cam Barker is hit by Adam Pelech and loses puck.
4:41 of 3rd period - Gabriel Landeskog is hit by John Carlson.
4:51 of 3rd period - Mark Stone is hit by Shayne Gostisbehere and loses puck.
4:57 of 3rd period - Off-side.
4:58 of 3rd period - Zack Kassian wins face-off versus Jack Roslovic in neutral zone.
5:26 of 3rd period - Slapshot by Shayne Gostisbehere.
5:26 of 3rd period - Deflect By Madison Bowey.
5:26 of 3rd period - Stopped by Kevin Poulin without a rebound.
5:27 of 3rd period - Jonathan Toews wins face-off versus Nikita Kucherov in Bruins zone.
5:29 of 3rd period - Minor Penalty to Jonathan Toews for Interference.
5:30 of 3rd period - Yanni Gourde wins face-off versus Gabriel Landeskog in Bruins zone.
5:36 of 3rd period - Snap shot by Brendan Lemieux.
5:36 of 3rd period - Shot Blocked by Jason Demers.
5:38 of 3rd period - Snap shot by John Carlson.
5:38 of 3rd period - Stopped by Kevin Poulin with a rebound.
5:40 of 3rd period - Snap shot by Nikita Kucherov.
5:40 of 3rd period - Stopped by Kevin Poulin without a rebound.
5:41 of 3rd period - Yanni Gourde wins face-off versus Gabriel Landeskog in Bruins zone.
5:48 of 3rd period - Wrist shot by Kevin Shattenkirk.
5:48 of 3rd period - Goal by Kevin Shattenkirk - Bruins : 4 - Lightning : 2.
5:49 of 3rd period - Alexander Wennberg wins face-off versus Yanni Gourde in neutral zone.
6:16 of 3rd period - Mark Stone is hit by Kevin Shattenkirk and loses puck.
6:31 of 3rd period - Anthony Cirelli is hit by Mark Stone and loses puck.
7:14 of 3rd period - Wrist shot by Matt Martin.
7:14 of 3rd period - Shot Misses the Net.
7:16 of 3rd period - Wrist shot by Shayne Gostisbehere.
7:16 of 3rd period - Shot Blocked by Eric Wellwood.
8:00 of 3rd period - Slapshot by Kevin Shattenkirk.
8:00 of 3rd period - Shot Blocked by Josh Manson.
8:20 of 3rd period - Wrist shot by Matt Martin.
8:20 of 3rd period - Stopped by Kevin Poulin with a rebound.
8:37 of 3rd period - Minor Penalty to Eric Wellwood for High sticking.
8:38 of 3rd period - Yanni Gourde wins face-off versus Zack Kassian in Bruins zone.
10:11 of 3rd period - Snap shot by Torey Krug.
10:11 of 3rd period - Stopped by Alex Nedeljkovic with a rebound.
10:35 of 3rd period - Slapshot by Shayne Gostisbehere.
10:35 of 3rd period - Stopped by Kevin Poulin without a rebound.
10:36 of 3rd period - Patrice Bergeron wins face-off versus Gabriel Landeskog in Bruins zone.
10:37 of 3rd period - Penalty to Eric Wellwood is over, Eric Wellwood is back on ice.
11:17 of 3rd period - Snap shot by Craig Smith.
11:17 of 3rd period - Stopped by Alex Nedeljkovic without a rebound.
11:18 of 3rd period - Jimmy Vesey wins face-off versus Casey Cizikas in Lightning zone.
11:25 of 3rd period - Slapshot by Eric Wellwood.
11:25 of 3rd period - Goal by Eric Wellwood - Bruins : 5 - Lightning : 2.
11:26 of 3rd period - Yanni Gourde wins face-off versus Alexander Wennberg in neutral zone.
11:53 of 3rd period - Jason Demers is hit by Anthony Cirelli and loses puck.
12:20 of 3rd period - Backhand shot by Jason Demers.
12:20 of 3rd period - Stopped by Alex Nedeljkovic without a rebound.
12:21 of 3rd period - Casey Cizikas wins face-off versus Yanni Gourde in Lightning zone.
12:43 of 3rd period - Minor Penalty to Madison Bowey for Tripping.
12:44 of 3rd period - Yanni Gourde wins face-off versus Zack Kassian in Bruins zone.
12:44 of 3rd period - Wrist shot by Nikita Kucherov.
12:44 of 3rd period - Goal by Nikita Kucherov - Bruins : 5 - Lightning : 3.
12:45 of 3rd period - Yanni Gourde wins face-off versus Alexander Wennberg in neutral zone.
13:12 of 3rd period - Jack Roslovic is hit by Mark Stone.
13:52 of 3rd period - Wrist shot by Adam Pelech.
13:52 of 3rd period - Stopped by Alex Nedeljkovic without a rebound.
13:53 of 3rd period - Jimmy Vesey wins face-off versus Radek Faksa in Lightning zone.
13:53 of 3rd period - Jimmy Vesey is hit by Taylor Beck.
14:01 of 3rd period - Jason Demers is hit by Ben Hutton and loses puck.
14:18 of 3rd period - Jason Demers is hit by Yanni Gourde and loses puck.
14:38 of 3rd period - Off-side.
14:39 of 3rd period - Jack Roslovic wins face-off versus Jonathan Toews in neutral zone.
14:42 of 3rd period - Jonathan Toews is hit by Jack Roslovic and loses puck.
15:12 of 3rd period - Snap shot by Yanni Gourde.
15:12 of 3rd period - Stopped by Kevin Poulin with a rebound.
15:16 of 3rd period - Wrist shot by Brendan Lemieux.
15:16 of 3rd period - Stopped by Kevin Poulin without a rebound.
15:17 of 3rd period - Eric Wellwood wins face-off versus Matt Martin in Bruins zone.
16:15 of 3rd period - Snap shot by Jack Roslovic.
16:15 of 3rd period - Stopped by Kevin Poulin without a rebound.
16:16 of 3rd period - Logan Couture wins face-off versus Casey Cizikas in Bruins zone.
16:23 of 3rd period - Wrist shot by Matt Martin.
16:23 of 3rd period - Stopped by Kevin Poulin with a rebound.
16:45 of 3rd period - Snap shot by Brendan Lemieux.
16:45 of 3rd period - Shot Misses the Net.
18:13 of 3rd period - Wrist shot by Andreas Athanasiou.
18:13 of 3rd period - Stopped by Alex Nedeljkovic with a rebound.
18:24 of 3rd period - Off-side.
18:25 of 3rd period - Yanni Gourde wins face-off versus Casey Cizikas in neutral zone.
18:56 of 3rd period - Jason Demers is hit by Nikita Kucherov.
19:27 of 3rd period - Cam Barker is hit by Adam Pelech and loses puck.
Goals for this period are 1 for Bruins vs 2 for Lightning.
Shots for this period are 6 for Bruins vs 15 for Lightning.